 Dungeon Crawl Stone Soup version 0.27.1-4-g1640c2035a (webtiles) character file.

Game seed: 2352043963624505972

137 Gabide the Charlatan (level 5, 0/38 HPs)
             Began as a Human Artificer on Nov 4, 2021.
             Slain by an orc (5 damage)
             ... on level 3 of the Dungeon.
             The game lasted 00:05:24 (4381 turns).

Gabide the Charlatan (Human Artificer)              Turns: 4381, Time: 00:05:25

Health: 0/38       AC:  5    Str: 11 (12) XL:     5   Next: 44%
Magic:  5/5        EV: 11    Int: 10 (12) God:
Gold:   62         SH:  0    Dex: 20      Spells: 4/4 levels left

rFire    . . .     SeeInvis .     - Unarmed
rCold    . . .     Faith    .   (no shield)
rNeg     . . .     Spirit   .   g - +0 ring mail
rPois    .         Reflect  .   (no helmet)
rElec    .         Harm     .   (no cloak)
rCorr    .         Rampage  .   (no gloves)
Will     .....                  (no boots)
Stlth    ..........             (no amulet)
HPRegen  0.12/turn              a - +6 ring of dexterity
MPRegen  0.09/turn              (no ring)

@: confused, lethally poisoned (0 -> -7)
A: no striking features
a: no special abilities


You were on level 3 of the Dungeon.
You visited 1 branch of the dungeon, and saw 3 of its levels.

You collected 62 gold pieces.

Inventory:

Armour
 g - a +0 ring mail (worn)
Jewellery
 a - a +6 ring of dexterity (left hand)
Wands
 d - a wand of charming (12) (quivered)
Miscellaneous
 e - a piece from Xom's chessboard (14/15)


   Skills:
 + Level 1.9 Fighting
 - Level 0.5 Maces & Flails
 - Level 2.6 Armour
 * Level 2.6 Dodging
 - Level 1.0 Stealth
 * Level 2.0 Unarmed Combat
 + Level 3.5 Evocations


You had 4 spell levels left.
You didn't know any spells.
Your spell library was empty.

Dungeon Overview and Level Annotations

Branches:
Dungeon (3/15)

Altars:

Shops:
D:1 (


Message History

You are too confused!
You are too confused!
You are too confused!
You are too confused!
You are too confused!
You are too confused!
You are too confused!
You are too confused!
You are too confused!
You are too confused!
You are too confused!
You are too confused!
You are too confused!
You are too confused!
You are too confused!
You are too confused!
You're too confused to move!
You feel sick. The orc wizard barely misses you.
The orc drinks a potion.
The orc seems to grow stronger.
The orc priest casts a cantrip, but nothing happens.
You closely miss the orc wizard.
You feel sick.
The orc wizard hits you with a +1 dagger of venom.
You are more poisoned.
The orc closely misses you.
A kobold comes into view. It is wielding a +0 club.
You feel very sick. The ice beast closely misses you.
The orc barely misses you.
You are too confused!
You aren't carrying any potions.
You aren't carrying any potions.
You barely miss the orc.
You feel sick.
The kobold shouts!
The orc closely misses you.
The orc wizard hits you with a +1 dagger of venom.
The ice beast hits you. The ice beast freezes you!
The orc hits you with a +0 whip!
* * * LOW HITPOINT WARNING * * *
You barely miss the orc wizard.
* * * LOW HITPOINT WARNING * * *
You feel sick. The orc hits you with a +0 whip.
You die... ## ..# #.... # #..K. #.#.#.# # #.##.#.#.##.# ..........#.# .......oo...# #ooo#

##@## #Y#
...###.######
.............#
.....#######.# ....
###.# # ... ###...#
### .. ###..####
..#############..###


You could see an ice beast, an orc priest, an orc wizard, 3 orcs and a kobold.

Vanquished Creatures
  Natasha (D:2)
  3 gnolls (D:1)
  An adder (D:2)
  3 worms (D:2)
  4 endoplasms
  3 giant cockroaches
  4 goblins
  2 hobgoblins (D:1)
  7 jackals (D:2)
  3 quokkas
  6 ball pythons
  A ball python zombie (D:3)
  5 bats
  4 frilled lizards
  2 kobolds
  4 rats
53 creatures vanquished.

Vanquished Creatures (collateral kills)
  An adder (D:2)
  A hobgoblin (D:2)
  A rat (D:2)
3 creatures vanquished.

Vanquished Creatures (others)
  A gnoll (D:1)
  An adder (D:2)
  A jackal (D:2)
  A withered plant (D:3)
4 creatures vanquished.

Grand Total: 60 creatures vanquished

Notes
Turn   | Place    | Note
-------+----------+-------------------------------------------
     0 | D:1      | Gabide the Human Artificer began the quest for the Orb.
     0 | D:1      | Reached XP level 1. HP: 15/15 MP: 1/1
   291 | D:1      | Reached XP level 2. HP: 21/21 MP: 2/2
   337 | D:1      | Found Naragguked's Weapon Boutique.
   940 | D:1      | Reached XP level 3. HP: 26/26 MP: 3/3
  1127 | D:1      | You fall into a shaft and drop 1 floor!
  2660 | D:1      | Reached skill level 1 in Unarmed Combat
  2660 | D:1      | Reached XP level 4. HP: 16/32 MP: 4/4
  3438 | D:2      | Noticed Natasha
  3457 | D:2      | Killed Natasha
  3458 | D:2      | Reached XP level 5. HP: 17/38 MP: 5/5
  3760 | D:2      | Found a faded altar of an unknown god.
  4371 | D:3      | Noticed an ice beast
  4381 | D:3      | Slain by an orc

Illustrated notes

Levels and vault maps discovered:
D:1:      onia_arrival_pentagram, layout_basic, serial_shops, shop
D:2:      layout_basic, shapermc_ecumenical_altar_mp_highgroup, uniq_natasha
D:3:      layout_loops_ring, serial_shops, shop_statue, serial_undead,
          serial_undead_f, serial_undead_c, serial_undead_a, serial_undead_e,
          serial_undead_e, serial_undead_c, grunt_decor_clamped

Skill      XL: |  1  2  3  4  5 |
---------------+----------------+-----
Dodging        | 2 |  2.6
Unarmed Combat | 1 2 |  2.0
Fighting       | |  1.9
Maces & Flails | |  0.5
Armour         | |  2.6
Stealth        | |  1.0
Evocations     | |  3.5

Action                   |  1- 3 |  4- 6 || total
-------------------------+-------+-------++-------
Melee: Club              |   124 |     9 ||   133
       Unarmed           |       |   141 ||   141
       Punch             |       |     1 ||     1
Evoke: Wand              |    13 |     5 ||    18
       Piece from Xom's  |       |     2 ||     2
  Use: Scroll            |     3 |       ||     3
       Potion            |       |     3 ||     3
 Stab: Sleeping          |     5 |     1 ||     6
       Paralysed         |       |    10 ||    10
Armor: Leather armour    |    25 |    11 ||    36
       Skin              |       |    10 ||    10
       Ring mail         |       |    31 ||    31
Dodge: Dodged            |    95 |    96 ||   191
